 Dungeon Sprint DCSS version 0.20.1-1-g8b1a95d (webtiles) character file.

261 Josy the Ruffian (level 5, -10/61 HPs)
             Began as a Troll Berserker on Dec 6, 2017.
             Was a Believer of Trog.
             Mangled by a slime creature (14 damage)
             ... in the Dungeon (Sprint I: "Red Sonja").
             The game lasted 00:03:57 (67 turns).

Josy the Ruffian (Troll Berserker)                    Turns: 67, Time: 00:03:58

Health: -10/61     AC:  5    Str: 26    XL:     5   Next: 96%
Magic:  4/4        EV: 12    Int:  3    God:    Trog [**....]
Gold:   108        SH:  0    Dex:  9    Spells: 4/4 levels left

rFire    . . .     SeeInvis .   o - -2 scythe (curse)
rCold    . . .     Gourm    +   (shield currently unavailable)
rNeg     . . .     Faith    .   a - +0 animal skin
rPois    .         Spirit   .   (helmet restricted)
rElec    .         Reflect  .   (no cloak)
rCorr    .         Harm     .   (gloves unavailable)
MR       .....     NoTele   +   (boots unavailable)
Stlth    +.........             (no amulet)
Regen    0.6/turn               (no ring)
MPRegen  0.1/turn               (no ring)

@: berserk cooldown
A: unfitting armour, claws 3, fast metabolism 3, gourmand, regeneration 1,
shaggy fur 1, tough skin 2
a: Berserk, Trog's Hand, Burn Spellbooks, Renounce Religion


You were in the Dungeon.
You worshipped Trog.
Trog was pleased with you.
You were not hungry.

You visited 1 branch You collected 108 gold pieces.

Inventory:

Hand Weapons
 k - a +0 club
 m - a +0 giant club
 o - a cursed -2 scythe (weapon)
Armour
 a - a +0 animal skin (worn)
 l - a +0 leather armour
 p - a cursed +0 robe
Wands
 i - a wand of flame (17/48)
Scrolls
 h - a scroll of blinking
Potions
 c - a potion of curing
 d - a potion of heal wounds
 e - a potion of haste
 f - 2 potions of magic
 g - a potion of berserk rage
 j - a potion of degeneration {unknown}
 n - a potion of flight {unknown}
Comestibles
 b - 2 bread rations


   Skills:
 + Level 6.4 Fighting
 + Level 6.3 Dodging
 + Level 7.9 Unarmed Combat


You had 4 spell levels left.
You didn't know any spells.

Dungeon Overview and Level Annotations

Branches:
Dungeon (1/1)

Altars:
Makhleb
Xom
Jiyva
Lugonu


Innate Abilities, Weirdness & Mutations

You are too large for most types of armour.
You have claws for hands.
Your metabolism is lightning-fast.
You like to eat raw meat.
Your natural rate of healing is unusually fast.
You are covered in fur. (AC +1)
You have very tough skin. (AC +2)


Message History

There is an open door here.
You now have 27 gold pieces.
You now have 54 gold pieces (gained 27).
You now have 81 gold pieces (gained 27).
You feel yourself speed up.
You now have 108 gold pieces (gained 27).
You open the door.
A slime creature comes into view.
You found an arrow trap!
Found four altars.
There is an open door here.
You hit the slime creature.
The slime creature is lightly wounded.
The slime creature hits you! The slime creature hits you!!
You barely miss the slime creature. The slime creature hits you!!
* * * LOW HITPOINT WARNING * * *
The slime creature hits you!
* * * LOW HITPOINT WARNING * * *
You barely miss the slime creature. The slime creature hits you!
You die...

###################
#<.#..'..#..'..#__#
#..'..#..'..#..@J.+
#..#####+#####+#__#
#..# ### #..# #..#
#⌠⌠# ####


You could see a slime creature.

Vanquished Creatures
  Sigmund (D)
  An ogre (D)
  Ijyb (D)
3 creatures vanquished.

Notes
Turn   | Place    | Note
-------+----------+-------------------------------------------
     0 | D        | Josy the Troll Berserker began the quest for the Orb.
     0 | D        | Reached XP level 1. HP: 22/22 MP: 0/0
     8 | D        | Noticed Ijyb
    16 | D        | Killed Ijyb
    16 | D        | Reached skill level 4 in Unarmed Combat
    16 | D        | Reached XP level 2. HP: 30/31 MP: 1/1
    27 | D        | Noticed an ogre
    30 | D        | Killed an ogre
    30 | D        | Reached skill level 5 in Fighting
    30 | D        | Reached skill level 6 in Unarmed Combat
    30 | D        | Reached XP level 3. HP: 42/42 MP: 2/2
    30 | D        | Reached XP level 4. HP: 50/50 MP: 3/3
    39 | D        | Noticed Sigmund
    45 | D        | Killed Sigmund
    45 | D        | Reached ** piety under Trog
    45 | D        | Reached skill level 7 in Unarmed Combat
    45 | D        | Reached XP level 5. HP: 61/61 MP: 4/4
    63 | D        | Found a burning altar of Makhleb.
    63 | D        | Found a viscous altar of Jiyva.
    63 | D        | Found a shimmering altar of Xom.
    63 | D        | Found a corrupted altar of Lugonu.
    63 | D        | Noticed a slime creature
    66 | D        | HP: 3/61 [slime creature (11)]
    67 | D        | Mangled by a slime creature

Skill      XL: |  1  2  3  4 |
---------------+-------------+-----
Fighting       | 3 5 6 |  6.4
Dodging        | 3 4 6 |  6.3
Unarmed Combat | 4 6 7 |  7.9

Action                   |  1- 3 |  4- 6 || total
-------------------------+-------+-------++-------
Melee: Unarmed           |     9 |     5 ||    14
       Punch             |     1 |       ||     1
       Scythe            |       |     3 ||     3
Invok: Berserk           |     1 |       ||     1
  Eat: Chunk             |     2 |       ||     2
Armor: Animal skin       |     3 |     1 ||     4
Dodge: Dodged            |     2 |     2 ||     4
